 Dungeon Sprint DCSS version 0.21-a0-47-g7c8f537 (webtiles) character file.

7533 Kidiri the Grappler (level 10, -3/106 HPs)
             Began as a Troll Monk on June 8, 2017.
             Was the Champion of Wu Jian.
             Shot with an arrow by a deep elf master archer (28 damage)
             ... in the Dungeon (Sprint VII: "The Pits").
             The game lasted 00:08:34 (1363 turns).

Kidiri the Grappler (Troll Monk)                    Turns: 1363, Time: 00:08:36

Health: -3/106     AC:  9    Str: 19    XL:     10   Next: 96%
Magic:  9/9        EV: 22    Int:  9    God:    Wu Jian [******]
Gold:   0          SH:  0    Dex: 15    Spells: 9/9 levels left

rFire    . . .     SeeInvis .     - Unarmed
rCold    . . .     Gourm    +   (no shield)
rNeg     . . .     Faith    .   x - +0 steam dragon scales
rPois    .         Spirit   .   (helmet restricted)
rElec    .         Reflect  .   (no cloak)
rCorr    .         Harm     .   (gloves unavailable)
MR       +....     NoTele   +   (boots unavailable)
Stlth    ++++......             (no amulet)
Regen    0.7/turn               i - +3 ring of intelligence
MPRegen  0.2/turn               p - +3 ring of evasion

@: no status effects
A: unfitting armour, claws 3, horns 1, repulsion field 1, fast metabolism 3,
gourmand, magic resistance 1, regeneration 1, shaggy fur 1, tough skin 2, weak
1, evolution 1
a: Serpent's Lash, Heavenly Storm, Renounce Religion


You were in the Dungeon.
You worshipped Wu Jian.
Wu Jian was exalted by your worship.
You were completely stuffed.

You visited 1 branch

Inventory:

Armour
 a - a +0 robe
 x - +0 steam dragon scales (worn)
Jewellery
 i - a +3 ring of intelligence (left claw)
 p - a +3 ring of evasion (right claw)
Scrolls
 h - a scroll of blinking
 k - 3 scrolls of remove curse
 l - 5 scrolls of amnesia
 m - a scroll of summoning
Potions
 c - 7 potions of curing
 d - 5 potions of heal wounds
 e - a potion of haste
 f - 4 potions of magic
 g - 2 potions of berserk rage
 j - 2 potions of invisibility
 q - 4 potions of brilliance
 r - a potion of might
 s - a potion of resistance
 t - a potion of lignification {unknown}
Comestibles
 b - 9 bread rations
 n - 40 fruits
 o - 7 meat rations
 w - 9 chunks of flesh


   Skills:
 + Level 8.5 Fighting
 + Level 7.8 Armour
 * Level 11.5 Dodging
 * Level 8.9 Stealth
 * Level 13.5 Unarmed Combat


You had 9 spell levels left.
You didn't know any spells.

Dungeon Overview and Level Annotations

Branches:
Dungeon (1/1)

Altars:
Ashenzari
Cheibriados
Dithmenos
Elyvilon
Fedhas
Gozag
Hepliaklqana
Kikubaaqudgha
Makhleb
Nemelex Xobeh
Okawaru
Qazlal
Ru
Sif Muna
Trog
Uskayaw
Vehumet
Wu Jian
Xom
Yredelemnul
Zin
The Shining One
Beogh
Jiyva
Lugonu


Innate Abilities, Weirdness & Mutations

You are too large for most types of armour.
You have claws for hands.
Your metabolism is lightning-fast.
You like to eat raw meat.
Your natural rate of healing is unusually fast.
You are covered in fur. (AC +1)
You have very tough skin. (AC +2)
You have a pair of small horns on your head.
You are surrounded by a mild repulsion field. (EV +2)
You are resistant to hostile enchantments. (MR+)
You are weak. (Str -2)
You evolve.


Message History

You claw the deep elf master archer!
The deep elf master archer is severely wounded.
The deep elf master archer shoots an arrow.
The arrow hits you!!
* * * LOW HITPOINT WARNING * * *
The arrow freezes you.
* * * LOW HITPOINT WARNING * * *
You feel much better.
The deep elf master archer shoots an arrow.
The arrow hits you!!
* * * LOW HITPOINT WARNING * * *
The arrow freezes you.
* * * LOW HITPOINT WARNING * * *
The deep elf master archer shoots an arrow.
The arrow barely misses you.
Unknown command.
You feel much better.
The deep elf master archer shoots an arrow.
The arrow hits you!!
You die...

.......# ''######
''#######################
.)........#......#.......
..........'.....[#.......
..#####...#####'##.......
..+...#.........)........
..#%).#........##'##....
..#...#.#####..#@..# #
..#####.'...#..#e((#
........#...+..##+##
........#.).#......
#'###...#...#.......
....'...#'###...####'
..%.#...).......# ..
....#..รท........+ D#
################# #


You could see a deep elf master archer.

Vanquished Creatures
  Urug (D)
  2 flayed ghosts (D)
  A sea snake (D)
  An orc knight (D)
  A manticore (D)
  An orc sorcerer (D)
  2 deep elf magi (D)
  A merfolk siren (D)
  A black mamba (D)
  A freezing wraith (D)
  An ice devil (D)
  A guardian mummy (D)
  A troll (D)
  A hippogriff (D)
  A ynoxinul (D)
  A wyvern (D)
  A fire bat (D)
  A steam dragon (D)
  A warg (D)
  A floating eye (D)
  A soldier ant (D)
  A porcupine (D)
  An orc warrior (D)
  A sky beast (D)
  A necrophage (D)
  3 wolves (D)
  A bullfrog (D)
  A quasit (D)
  An orc wizard (D)
  Jessica (D)
  An iguana (D)
  A river rat (D)
  An ufetubus (D)
  An ooze (D)
  5 orcs (D)
  2 ball pythons (D)
  2 giant cockroaches (D)
  A goblin (D)
  4 jackals (D)
  2 kobolds (D)
  2 quokkas (D)
  A bat (D)
57 creatures vanquished.

Notes
Turn   | Place    | Note
-------+----------+-------------------------------------------
     0 | D        | Kidiri the Troll Monk began the quest for the Orb.
     0 | D        | Reached XP level 1. HP: 22/22 MP: 0/0
    47 | D        | Found a bloodstained altar of Trog.
    47 | D        | Found a deep blue altar of Sif Muna.
    47 | D        | Found a viscous altar of Jiyva.
    47 | D        | Found a hazy altar of Hepliaklqana.
    47 | D        | Found an opulent altar of Gozag.
    48 | D        | Found a glowing golden altar of the Shining One.
    48 | D        | Found a glowing silver altar of Zin.
    48 | D        | Found a basalt altar of Yredelemnul.
    48 | D        | Found a shimmering altar of Xom.
    48 | D        | Found an ornate altar of the Wu Jian Council.
    48 | D        | Found a sacrificial altar of Ru.
    48 | D        | Found a stormy altar of Qazlal.
    48 | D        | Found an iron altar of Okawaru.
    48 | D        | Found a sparkling altar of Nemelex Xobeh.
    48 | D        | Found a burning altar of Makhleb.
    48 | D        | Found a blossoming altar of Fedhas.
    48 | D        | Found a white marble altar of Elyvilon.
    48 | D        | Found a shadowy altar of Dithmenos.
    48 | D        | Found a snail-covered altar of Cheibriados.
    50 | D        | Found a radiant altar of Vehumet.
    50 | D        | Found a corrupted altar of Lugonu.
    50 | D        | Found a roughly hewn altar of Beogh.
    51 | D        | Found a hide-covered altar of Uskayaw.
    51 | D        | Found an ancient bone altar of Kikubaaqudgha.
    51 | D        | Found a shattered altar of Ashenzari.
    57 | D        | Became a worshipper of the Wu Jian Council
    57 | D        | Reached * piety under Wu Jian
    57 | D        | Reached ** piety under Wu Jian
   110 | D        | Noticed a floating eye
   115 | D        | Killed a floating eye
   115 | D        | Reached skill level 5 in Unarmed Combat
   115 | D        | Reached XP level 2. HP: 27/31 MP: 1/1
   115 | D        | Reached XP level 3. HP: 33/37 MP: 2/2
   115 | D        | Reached XP level 4. HP: 40/45 MP: 3/3
   125 | D        | Reached *** piety under Wu Jian
   137 | D        | Reached **** piety under Wu Jian
   257 | D        | Noticed a porcupine
   260 | D        | Killed a porcupine
   260 | D        | Reached skill level 5 in Dodging
   260 | D        | Reached skill level 6 in Unarmed Combat
   260 | D        | Reached XP level 5. HP: 54/54 MP: 4/4
   262 | D        | Noticed a sky beast
   276 | D        | Killed a sky beast
   276 | D        | Reached ***** piety under Wu Jian
   276 | D        | Reached skill level 7 in Unarmed Combat
   276 | D        | Reached XP level 6. HP: 60/63 MP: 5/5
   280 | D        | Gained mutation: You evolve. [mutagenic meat]
   281 | D        | Gained mutation: You are surrounded by a mild repulsion field. (EV +2) [mutagenic meat]
   282 | D        | Gained mutation: You are weak. (Str -2) [mutagenic meat]
   283 | D        | Gained mutation: You are resistant to hostile enchantments. (MR+) [mutagenic meat]
   284 | D        | Gained mutation: You have a pair of small horns on your head. [mutagenic meat]
   294 | D        | Noticed a fire bat
   295 | D        | Killed a fire bat
   295 | D        | Reached skill level 8 in Unarmed Combat
   303 | D        | Reached skill level 5 in Fighting
   310 | D        | Noticed a guardian mummy
   315 | D        | Killed a guardian mummy
   315 | D        | Reached skill level 5 in Stealth
   315 | D        | Reached XP level 7. HP: 61/71 MP: 6/6
   393 | D        | Noticed a hippogriff
   393 | D        | Noticed an orc knight
   393 | D        | Noticed an orc sorcerer
   419 | D        | Noticed a smoke demon
   453 | D        | Killed an orc knight
   453 | D        | Reached skill level 5 in Armour
   453 | D        | Reached skill level 9 in Unarmed Combat
   453 | D        | Reached XP level 8. HP: 64/82 MP: 7/7
   455 | D        | Killed an orc sorcerer
   455 | D        | Reached skill level 10 in Unarmed Combat
   736 | D        | Killed a hippogriff
   736 | D        | Reached XP level 9. HP: 90/90 MP: 8/8
   834 | D        | Noticed a flayed ghost
   842 | D        | Noticed a manticore
   846 | D        | Killed a manticore
   846 | D        | Reached skill level 11 in Unarmed Combat
   847 | D        | Killed a flayed ghost
   855 | D        | Noticed a troll
   859 | D        | Killed a troll
   859 | D        | Reached skill level 10 in Dodging
   860 | D        | Noticed Urug
   911 | D        | Killed Urug
   911 | D        | Reached skill level 12 in Unarmed Combat
  1013 | D        | Noticed a merfolk siren
  1020 | D        | Killed a merfolk siren
  1020 | D        | Reached XP level 10. HP: 99/100 MP: 9/9
  1037 | D        | Noticed a black mamba
  1044 | D        | Killed a black mamba
  1075 | D        | Noticed a deep elf mage
  1078 | D        | Noticed a deep elf mage
  1082 | D        | Killed a deep elf mage
  1096 | D        | Killed a deep elf mage
  1200 | D        | Reached skill level 13 in Unarmed Combat
  1236 | D        | Noticed a sea snake
  1242 | D        | Noticed Jessica
  1248 | D        | Killed a sea snake
  1250 | D        | Killed Jessica
  1253 | D        | Noticed a flayed ghost
  1266 | D        | Reached ****** piety under Wu Jian
  1269 | D        | Killed a flayed ghost
  1356 | D        | Noticed a deep elf master archer
  1362 | D        | HP: 4/106 [deep elf master archer/arrow (5)]
  1363 | D        | Shot with an arrow by a deep elf master archer

Vault maps used:
D:        pitsprint

Skill      XL: |  1  2  3  4  5  6  7  8  9 10 |
---------------+-------------------------------+-----
Fighting       | 3 4 5 6 7 8 |  8.5
Armour         | 2 3 4 5 6 7 |  7.8
Dodging        | 4 5 6 7 8 9 10 11 | 11.5
Stealth        | 2 3 4 5 6 7 8 |  8.9
Unarmed Combat | 5 6 7 8 9 10 12 13 | 13.5

Action                   |  1- 3 |  4- 6 |  7- 9 | 10-12 || total
-------------------------+-------+-------+-------+-------++-------
Melee: Unarmed           |     9 |    29 |    80 |    63 ||   181
       Punch             |       |     1 |     5 |     2 ||     8
       Headbutt          |       |     1 |    14 |    17 ||    32
Invok: Serpent's Lash    |       |     2 |     7 |       ||     9
       Heavenly Storm    |       |       |     2 |     1 ||     3
  Use: Potion            |       |       |     1 |     4 ||     5
 Stab: Sleeping          |     2 |     3 |     1 |     6 ||    12
  Eat: Chunk             |     3 |     9 |     8 |     3 ||    23
Armor: Robe              |     2 |    12 |     4 |     1 ||    19
Dodge: Dodged            |     2 |    22 |    35 |    30 ||    89
